 Dungeon Crawl Stone Soup version 0.28.0-53-g5a82cb258f (webtiles) character file.

Game seed: 8332347638495703741

1831 Hydra2011 the Cleaver (level 8, 0/74 HPs)
             Began as a Troll Fighter on June 25, 2022.
             Slain by Edmund
             ... wielding a +7 vorpal flail
              (13 damage)
             ... on level 5 of the Dungeon.
             The game lasted 00:10:27 (5737 turns).

Hydra2011 the Cleaver (Troll Fighter)               Turns: 5737, Time: 00:10:46

Health: 0/74       AC:  5    Str: 27    XL:     8   Next: 86%
Magic:  7/7        EV:  8    Int:  4    God:
Gold:   181        SH:  8    Dex:  9    Spells: 7/7 levels left

rFire   . . .      SeeInvis .   n - +3 hand axe (vorpal)
rCold   . . .      Faith    .   c - +1 kite shield
rNeg    . . .      Spirit   .   b - +0 robe
rPois   .          Reflect  .   (helmet restricted)
rElec   .          Harm     .   p - +0 cloak
rCorr   .          Rampage  .   (gloves unavailable)
Will    .....                   (boots unavailable)
Stlth   +.........              (no amulet)
HPRegen 1.02/turn               e - ring of flight
MPRegen 0.10/turn               (no ring)

@: flying
A: large, unfitting armour, claws 3, regeneration 1, shaggy fur 1, tough skin 1
a: no special abilities


You were on level 5 of the Dungeon.
You visited 2 branches of the dungeon, and saw 7 of its levels.
You also visited: Ossuary.

You collected 181 gold pieces.

Inventory:

Hand Weapons
 a - a +0 flail
 n - a +3 vorpal hand axe (weapon)
Armour
 b - a +0 robe (worn)
 c - a +1 kite shield (worn)
 p - a +0 cloak (worn)
Jewellery
 e - a ring of flight (left claw)
Scrolls
 f - a scroll of identify
 j - a scroll of teleportation
 l - a scroll of enchant weapon
 m - 2 scrolls of enchant armour
 t - 2 scrolls of blinking
Potions
 d - 2 potions of might
 h - 3 potions of lignification
 k - 2 potions of magic
 o - 2 potions of attraction
 r - a potion of ambrosia


   Skills:
 - Level 2.4 Fighting
 + Level 8.3(8.7) Axes
 - Level 4.1(7.1) Maces & Flails
 - Level 2.4 Dodging
 - Level 4.0 Shields


You had 7 spell levels left.
You didn't know any spells.
Your spell library contained the following spells:

 Spells                   Type           Power      Damage    Failure   Level
 Portal Projectile        Hex/Tloc       0%         N/A       98%         3
 Leda's Liquefaction      Hex/Erth       0%         N/A       100%        4
 Blade Hands              Tmut           0%         N/A       100%        5
 Excruciating Wounds      Necr           0%         N/A       100%        5
 Lee's Rapid Deconstruct  Erth           0%         3d5*      100%        5
 Statue Form              Tmut/Erth      0%         N/A       100%        6


Dungeon Overview and Level Annotations

Branches:
Dungeon (6/15)             Temple (1/1) D:4         Ossuary (visited)

Altars:
Ashenzari
Cheibriados
Dithmenos
Elyvilon
Fedhas
Gozag
Kikubaaqudgha
Qazlal
Sif Muna
Trog
Vehumet
Wu Jian
Xom
Yredelemnul
Zin
The Shining One

Shops:
D:2 *

Annotations:
D:4 1 runed translucent door, meliss's ghost, amateur DgIE
D:5 Edmund


Innate Abilities, Weirdness & Mutations

You are too large for most types of armour.
You have claws for hands.
Your natural rate of healing is unusually fast.
You are covered in fur. (AC +1)
You have tough skin. (AC +1)


Message History

No target in view!
No target in view!
No target in view!
No target in view!
No target in view!
No target in view!
No target in view!
No target in view!
No target in view!
No target in view!
No target in view!
No target in view!
You reach down and open the door.
There is an open door here.
Found an embroidered cloak.
Edmund the Younger comes into view.
He is wielding a +7 vorpal flail.
Edmund is nearby!
A two-headed ogre comes into view.
It is wielding two +0 giant spiked clubs.
You hit Edmund.
Edmund is lightly wounded.
You hit Edmund but do no damage.
Edmund is lightly wounded.
You block Edmund's attack.
You hit Edmund but do no damage.
Edmund is lightly wounded.
You block Edmund's attack.
You hit Edmund.
Edmund is lightly wounded.
Edmund hits you with a +7 vorpal flail! You block the two-headed ogre's attack.
The two-headed ogre closely misses you.
You barely miss Edmund.
Edmund is lightly wounded.
You slash the two-headed ogre! Edmund hits you with a +7 vorpal flail!
You barely miss the two-headed ogre.
The two-headed ogre is lightly wounded.
You hit Edmund.
The two-headed ogre hits you with a +0 giant spiked club!! x2
* * * LOW HITPOINT WARNING * * *
Edmund hits you with a +7 vorpal flail!
You die...

#...'....#..............
#####....#..............
#.###..........##### #.#
#...............
##.###...#.#.........
#......###...........
#..###.##########...#
###........# #...#
#..[..@#.#.# #####
###.##O@...# #.
......... #....##.....
#....# ..... ### #....#
.... #.. ####.# ... #..
#.# ... #.. #..


You could see a two-headed ogre and Edmund.

Vanquished Creatures
  2 water moccasins
  A necrophage (D:6)
  An ogre (D:6)
  An elf zombie (Ossuary)
  A phantom (D:6)
  A bullfrog (D:5)
  2 scorpions
  2 water moccasin zombies (D:6)
  A howler monkey (D:6)
  5 centaur zombies
  4 bullfrog zombies (D:6)
  A jelly (D:5)
  2 centaur skeletons
  2 bullfrog skeletons
  A gnoll shaman (D:5)
  An orc priest (D:3)
  3 hounds
  Jessica (D:2)
  An iguana (D:6)
  2 orc wizards (D:5)
  2 hound skeletons (D:5)
  2 mummies (Ossuary)
  A howler monkey zombie (D:6)
  7 gnolls
  7 adders
  2 adder zombies (Ossuary)
  2 worms
  2 dart slugs (D:1)
  3 orcs
  2 bats
  8 endoplasms
  4 goblins
  5 hobgoblins
  6 jackals
  8 kobolds
  2 quokkas
  10 ball pythons
  4 frilled lizards
  13 hobgoblin zombies (Ossuary)
  2 jackal zombies (Ossuary)
  12 kobold zombies (Ossuary)
  5 orc zombies (Ossuary)
  4 rats
  A rat zombie (Ossuary)
149 creatures vanquished.

Vanquished Creatures (others)
  10 withered plants (D:6)
10 creatures vanquished.

Grand Total: 159 creatures vanquished

Notes
Turn   | Place    | Note
-------+----------+-------------------------------------------
     0 | D:1      | Hydra2011 the Troll Fighter began the quest for the Orb.
     0 | D:1      | Reached XP level 1. HP: 22/22 MP: 0/0
   183 | D:1      | Reached XP level 2. HP: 25/29 MP: 1/1
   809 | D:1      | Reached XP level 3. HP: 35/36 MP: 2/2
  1268 | D:2      | Found Nukyin's Assorted Antiques.
  1492 | D:2      | Noticed Jessica
  1497 | D:2      | Killed Jessica
  1498 | D:2      | Reached XP level 4. HP: 44/44 MP: 3/3
  1593 | D:3      | Found a broken altar of Ashenzari.
  1825 | D:3      | Found a faded altar of an unknown god.
  1968 | D:3      | Found a shadowy altar of Dithmenos.
  1973 | D:3      | Reached skill level 1 in Axes
  2101 | D:3      | Found a white marble altar of Elyvilon.
  2444 | D:4      | Reached XP level 5. HP: 46/50 MP: 4/4
  2510 | D:4      | Reached skill level 2 in Axes
  2683 | D:4      | Reached XP level 6. HP: 56/59 MP: 5/5
  2692 | D:4      | Found a runed translucent door.
  2692 | D:4      | Noticed meliss's ghost (amateur DgIE)
  2803 | D:4      | Found a snail-covered altar of Cheibriados.
  2804 | D:4      | Found an ancient bone altar of Kikubaaqudgha.
  3023 | D:4      | Found a staircase to the Ecumenical Temple.
  3043 | Temple   | Entered the Ecumenical Temple
  3816 | D:5      | Entered Level 5 of the Dungeon
  3832 | D:4      | Reached skill level 3 in Axes
  4108 | D:5      | Noticed a water moccasin
  4118 | D:5      | Killed a water moccasin
  4156 | D:5      | Reached XP level 7. HP: 49/66 MP: 6/6
  4165 | D:5      | Reached skill level 4 in Axes
  4313 | D:5      | HP: 3/66 [hound (4)]
  4323 | D:5      | HP: 3/66 [hound (5)]
  4325 | D:5      | HP: 1/66 [hound (2)]
  4680 | D:6      | Reached skill level 5 in Axes
  4717 | D:6      | Found a sand-covered staircase.
  4768 | Ossuary  | Entered an ossuary
  4912 | Ossuary  | Reached skill level 6 in Axes
  4912 | Ossuary  | Reached XP level 8. HP: 23/74 MP: 7/7
  5302 | D:6      | Reached skill level 7 in Axes
  5578 | D:6      | Reached skill level 8 in Axes
  5729 | D:5      | Noticed Edmund
  5731 | D:5      | Noticed a two-headed ogre
  5737 | D:5      | Slain by Edmund

Illustrated notes

Levels and vault maps discovered:
D:1:      matt_arrival_spirals, layout_basic, minmay_misc_feat_roman,
          chequers_serial_rivers_micro_a
D:2:      layout_basic, serial_shops, nicolae_shop_overgrown_old_shop,
          uniq_jessica
D:3:      layout_basic, elyvilon_altar_3, mainiacjoe_overflow_alcove_2,
          nicolae_dithmenos_the_darkroom, dilly_ecumenical_altar_fadedgnrine
D:4:      layout_layer_cave, gammafunk_temple_overflow_pools, temple_fountains,
          gammafunk_ghost_grave
D:5:      layout_basic, grunt_ministairs_1, uniq_edmund, uniq_pikel
D:6:      layout_gridville, lightli_ossuary_entry_decrepit_ruins, serial_undead,
          serial_undead_f, serial_undead_c, serial_undead_b, serial_undead_d,
          serial_undead_b, serial_undead_c, serial_undead_d, serial_undead_e
Temple:   grunt_temple_mini_profane

Skill      XL: |  1  2  3  4  5  6  7  8 |
---------------+-------------------------+-----
Maces & Flails | 2 3 4 |  4.1
Axes           | 1 2 3 6 8 |  8.3
Shields        | 3 4 |  4.0
Fighting       | |  2.4
Dodging        | |  2.4

Action                   |  1- 3 |  4- 6 |  7- 9 || total
-------------------------+-------+-------+-------++-------
Melee: Flail             |    80 |    13 |       ||    93
       Hand axe          |       |   140 |   259 ||   399
  Use: Scroll            |       |     9 |     6 ||    15
       Potion            |       |     1 |     5 ||     6
 Stab: Sleeping          |     1 |     1 |       ||     2
Armor: Robe              |    35 |    50 |   102 ||   187
Dodge: Dodged            |    40 |    68 |   107 ||   215
Block: Kite shield       |    41 |    72 |   148 ||   261
